Map: Port Aleksander LE

Players

JEROS

  • Race: Terran Terran
  • Spawn Location: 5:00

souL - Winner!

  • Race: Terran Terran
  • Spawn Location: 11:00

Event: 2019 WCS Spring

VOD

Have the link to the VOD?

Description

Time

  • Played on: May 17, 2019, 11:32 a.m.
  • Length: 5:59

All games in this series

Show
View Real Time Build Order
Export as new Build Order

JEROS Terran 

Build Orders: Liberator Opening 

Get SALT Encoding   

  12  0:01  SCV  
  13  0:13  SCV  
  14  0:18  Supply Depot  
  14  0:25  SCV  
  15  0:29  Refinery  
  15  0:39  SCV  
  16  0:45  Barracks  
  16  0:52  SCV  
  16  0:56  Refinery  
  17  1:04  SCV  
  18  1:16  SCV  
  19  1:34  Barracks Reactor  
  19  1:35  Orbital Command  
  19  1:37  Factory  
  19  1:46  Supply Depot  
  19  2:02  SCV  
  20  2:10  Reaper x2  
  20  2:14  SCV  
  21  2:26  SCV  
  19  2:38  SCV  
  19  2:42  Reaper x2  
  21  2:50  SCV  
  22  3:00  Hellion  
  24  3:07  SCV, Starport  
  25  3:18  Reaper x2  
  25  3:19  SCV  
  28  3:25  Hellion  
  30  3:33  Supply Depot  
  30  3:35  SCV  
  30  3:37  Liberator  
  31  3:55  SCV, Factory Tech Lab  
  35  3:58  Supply Depot  
  36  4:02  Reaper  
  36  4:05  Reaper  
  37  4:11  SCV  
  38  4:20  Siege Tank  
  41  4:24  Supply Depot  
  41  4:28  SCV  
  41  4:39  Starport Tech Lab  
  41  4:44  Marine x2  
  43  4:47  Supply Depot  
  43  4:52  Siege Tank  
  46  5:02  Marine x2  
  47  5:12  Supply Depot  
  46  5:20  Marine x2  
  55  5:38  Marine x2  
  55  5:41  Supply Depot  
Show
View Real Time Build Order
Export as new Build Order

souL Terran - Winner!

Build Orders:  

Get SALT Encoding   

  12  0:01  SCV  
  13  0:15  Supply Depot  
  13  0:19  SCV  
  14  0:37  Barracks  
  14  0:42  Refinery  
  14  0:56  Barracks  
  14  1:01  SCV  
  15  1:14  SCV  
  16  1:25  Reaper  
  17  1:28  Orbital Command  
  17  1:39  Refinery  
  17  1:42  Reaper  
  18  1:55  Supply Depot  
  18  2:00  Reaper  
  19  2:03  SCV  
  20  2:15  SCV  
  21  2:27  SCV  
  21  2:28  Reaper  
  23  2:39  SCV  
  23  2:40  Reaper  
  25  2:46  Supply Depot  
  25  2:51  SCV  
  25  2:55  Factory  
  25  2:59  Supply Depot  
  25  3:03  SCV  
  26  3:15  SCV  
  26  3:26  Command Center  
  26  3:38  Supply Depot, Factory Tech Lab  
  26  3:41  Starport  
  26  3:45  SCV  
  27  3:56  Cyclone  
  27  3:57  SCV  
  31  4:07  Supply Depot  
  31  4:09  SCV  
  32  4:17  Starport Tech Lab  
  32  4:21  SCV  
  33  4:28  Cyclone  
  36  4:38  Banshee  
  35  4:42  Orbital Command  
  38  4:46  SCV  
  39  5:00  Cyclone, Barracks Reactor  
  39  5:02  SCV  
  39  5:04  Orbital Command  
  43  5:15  SCV  
  48  5:35  SCV  
  48  5:40  SCV  
Tags
 
Add a new tag
Caveats
  • Supply blocks, unpowered buildings, or Contaminate may cause inaccurate times.
  • Supply counts are checked every 10 seconds.